 Dungeon Crawl Stone Soup version 0.25.0-41-g26779e291d (webtiles) character file.

Game seed: 10243044378564876055

3009 Ijustatesigmund the Cleaver (level 9, -9/65 HPs)
             Began as an Octopode Gladiator on July 9, 2020.
             Was an Initiate of Cheibriados.
             Mangled by an orc priest
             ... wielding a +0 war axe
              (14 damage)
             ... on level 7 of the Dungeon on July 10, 2020.
             The game lasted 00:14:07 (7059 turns).

Ijustatesigmund the Cleaver (Octopode Gladiator)    Turns: 7059, Time: 00:14:07

Health: -9/65      AC:  1    Str: 14    XL:     9   Next: 84%
Magic:  9/9        EV: 15    Int: 14    God:    Cheibriados [......]
Gold:   234        SH:  7    Dex: 15    Spells: 8/8 levels left

rFire    . . .     SeeInvis +   a - +1 war axe (freeze)
rCold    . . .     Gourm    .   k - +1 buckler (curse)
rNeg     + . .     Faith    .   b - +0 hat
rPois    .         Spirit   .   (no amulet)
rElec    .         Reflect  .   s - ring of see invisible
rCorr    .         Harm     .   q - ring of Pusir {+Fly rN+ Int+2 Stlth+}
MR       .....     Rnd*Rage +   (no ring)
Stlth    +++++.....             (no ring)
HPRegen  0.20/turn              (no ring)
MPRegen  0.11/turn              (no ring)
                                (no ring)
                                (no ring)

@: very slow
A: almost no armour, stealthy swim, amphibious, 8 rings, constrict 8, camouflage
1, berserk 1, mutation resistance 1, weak 1, gelatinous body 1, MP-powered wands
a: Bend Time, Renounce Religion, Evoke Flight


You were on level 7 of the Dungeon.
You worshipped Cheibriados.
Cheibriados was noncommittal.
You were not hungry.

You visited 1 branch of the dungeon, and saw 7 of its levels.

You collected 234 gold pieces.

Inventory:

Hand Weapons
 a - a +1 war axe of freezing (weapon)
 f - a +2 flail of holy wrath
Missiles
 c - 2 throwing nets (quivered)
 j - 8 javelins
Armour
 b - a +0 hat (worn)
 k - a cursed +1 buckler (worn)
 t - a +0 kite shield
Jewellery
 q - the ring of Pusir (right tentacle) {+Fly rN+ Int+2 Stlth+}
   (You found it on level 6 of the Dungeon)

   [ring of flight]

   It affects your intelligence (+2).
   It protects you from negative energy.
   It lets you fly.
   It makes you more stealthy.
 s - a ring of see invisible (left tentacle)
 y - an uncursed ring of fire
Wands
 l - a wand of iceblast (17)
 r - a wand of polymorph (4)
Scrolls
 e - 9 scrolls of remove curse
 o - a scroll of blinking
 p - a scroll of magic mapping
 x - a scroll of teleportation
Potions
 g - a potion of curing
 h - 5 potions of brilliance
 i - a potion of resistance
 n - a potion of stabbing
 u - a potion of flight
 v - a potion of ambrosia
 w - a potion of might
 z - 4 potions of invisibility {unknown}
Comestibles
 d - 13 rations
 m - 5 chunks of flesh


   Skills:
 + Level 7.6 Fighting
 + Level 8.1 Axes
 - Level 2.0 Throwing
 + Level 3.6 Dodging
 - Level 6.0 Stealth
 - Level 6.4 Shields


You had 8 spell levels left.
You didn't know any spells.
Your spell library contained the following spells:

 Spells                   Type           Power        Failure   Level  Hunger
 Animate Skeleton         Necr           N/A          28%         1    ##.....
 Apportation              Tloc           #.....       28%         1    ##.....
 Corona                   Hex            #......      28%         1    ##.....
 Summon Small Mammal      Summ           #...         28%         1    ##.....


Dungeon Overview and Level Annotations

Branches:
Dungeon (7/15)             Temple (0/1) D:5

Altars:
Cheibriados
Qazlal
Trog


Innate Abilities, Weirdness & Mutations

You cannot wear most types of armour.
You are very stealthy in the water. (Stealth+)
You are amphibious.
You can wear up to eight rings at the same time.
You can use your tentacles to constrict eight enemies at once.
Your skin changes colour to match your surroundings (Stealth+).
Your rubbery body absorbs attacks. (AC +1, EV +1)
You tend to lose your temper in combat.
You are somewhat resistant to further mutation.
You are weak. (Str -2)
You expend magic power (3 MP) to strengthen your wands.


Message History

You barely miss the orc priest. Your grab misses the orc priest.
You squeeze the orc priest.
The orc priest is lightly wounded.
You hit the centaur. You freeze the centaur. The centaur hits you.
The orc priest completely misses you. The centaur barely misses you.
You hit the orc priest. You freeze the orc priest. You grab the orc priest.
The orc priest is severely wounded.
You barely miss the phantom. You hit the centaur. You freeze the centaur.
You constrict the orc priest, but do no damage.
You feel sick. You block the centaur's attack. The phantom barely misses you.
The orc priest invokes the aid of Beogh against you.
Beogh smites you!
* * * LOW HITPOINT WARNING * * *
You block the centaur's attack.
You feel better.
You constrict the orc priest. The phantom hits you!
* * * LOW HITPOINT WARNING * * *
The phantom blinks!
The centaur hits you.
* * * LOW HITPOINT WARNING * * *
The orc priest hits you with a +0 war axe!
You die...

#.......##÷.....##
..............##
.........)...##
#............#
#..##.......##
#####.###......###
#...(....W.........
#####(######.....##
#.@o# #.##....
#[?W.§c'...'.. .##.
#))#...#...#... .
############### #


You could see a phantom, a centaur and an orc priest.

Vanquished Creatures
  Pikel (D:5)
  Grinder (D:5)
  Sigmund (D:2)
  Eustachio (D:4)
  Duvessa (D:4)
  A sky beast (D:5)
  A slave (D:5)
  2 phantoms (D:6)
  A centaur (D:6)
  An ogre (D:7)
  4 bullfrogs
  Dowan (D:4)
  A scorpion (D:6)
  2 howler monkeys
  2 crimson imps
  A centaur zombie (D:5)
  4 orc priests
  Crazy Yiuf (D:4)
  2 centaur skeletons (D:5)
  2 hounds
  9 orc wizards
  A bullfrog skeleton (D:6)
  An iguana (D:7)
  Ijyb (D:3)
  7 worker ants
  A hound zombie (D:5)
  A hound skeleton (D:4)
  A howler monkey skeleton (D:6)
  3 gnolls (D:6)
  8 adders
  4 oozes
  3 worms
  4 leopard geckos
  33 orcs
  2 ball pythons
  4 giant cockroaches
  10 goblins
  9 hobgoblins
  7 jackals
  4 kobolds
  3 bats
  6 frilled lizards
  2 quokka skeletons
  2 rats
157 creatures vanquished.

Notes
Turn   | Place    | Note
-------+----------+-------------------------------------------
     0 | D:1      | Ijustatesigmund the Octopode Gladiator began the quest for
                  | the Orb.
     0 | D:1      | Reached XP level 1. HP: 14/14 MP: 1/1
   345 | D:1      | Reached XP level 2. HP: 20/20 MP: 2/2
   553 | D:1      | You fall into a shaft and drop 1 floor!
   895 | D:2      | Reached XP level 3. HP: 25/25 MP: 3/3
  1048 | D:2      | Noticed Sigmund
  1055 | D:2      | Killed Sigmund
  1055 | D:2      | Reached skill level 5 in Stealth
  1055 | D:2      | Reached XP level 4. HP: 31/31 MP: 4/4
  1055 | D:2      | Reached XP level 5. HP: 36/36 MP: 5/5
  1282 | D:2      | Found a stormy altar of Qazlal.
  1285 | D:2      | Found a snail-covered altar of Cheibriados.
  1319 | D:2      | You fall into a shaft and drop 2 floors!
  1328 | D:4      | Reached skill level 4 in Axes
  1328 | D:4      | Reached XP level 6. HP: 27/42 MP: 6/6
  1589 | D:3      | Noticed Ijyb
  1600 | D:3      | Killed Ijyb
  1600 | D:3      | Reached skill level 1 in Shields
  2293 | D:4      | Found a runed translucent door.
  2294 | D:4      | Noticed Crazy Yiuf
  2304 | D:4      | Killed Crazy Yiuf
  2539 | D:4      | Noticed Dowan
  2543 | D:4      | Noticed Duvessa
  2546 | D:4      | Killed Duvessa
  2546 | D:4      | Reached XP level 7. HP: 31/48 MP: 7/7
  2554 | D:4      | Killed Dowan
  2830 | D:4      | Noticed Eustachio
  2838 | D:4      | Killed Eustachio
  2838 | D:4      | Reached skill level 5 in Axes
  3363 | D:5      | Entered Level 5 of the Dungeon
  3378 | D:5      | Found a bloodstained altar of Trog.
  3591 | D:5      | Found a staircase to the Ecumenical Temple.
  3621 | D:5      | Reached XP level 8. HP: 43/54 MP: 8/8
  3652 | D:5      | Reached skill level 5 in Fighting
  3958 | D:5      | Upgraded the game from 0.25.0-37-gb73750e0fb to
                  | 0.25.0-41-g26779e291d
  4335 | D:5      | Noticed Grinder
  4343 | D:5      | Killed Grinder
  4343 | D:5      | Reached skill level 6 in Axes
  4498 | D:5      | Noticed Pikel
  4512 | D:5      | Killed Pikel
  4512 | D:5      | Reached skill level 7 in Axes
  4512 | D:5      | Reached skill level 5 in Shields
  4512 | D:5      | Reached XP level 9. HP: 40/63 MP: 9/9
  5068 | D:6      | Got a scorched bone ring
  5069 | D:6      | Identified the ring of Pusir {+Fly rN+ Int+2 Stlth+} (You
                  | found it on level 6 of the Dungeon)
  5324 | D:6      | Gained mutation: You tend to lose your temper in combat.
                  | [potion of mutation]
  5324 | D:6      | Gained mutation: You expend magic power (3 MP) to
                  | strengthen your wands. [potion of mutation]
  5324 | D:6      | Gained mutation: You are weak. (Str -2) [potion of
                  | mutation]
  5324 | D:6      | Gained mutation: You are somewhat resistant to further
                  | mutation. [potion of mutation]
  6690 | D:2      | Became a worshipper of Cheibriados the Contemplative
  6977 | D:7      | Reached skill level 8 in Axes
  7059 | D:7      | Mangled by an orc priest

Illustrated notes

Levels and vault maps discovered:
D:1:      nzn_arrival_crosshair, layout_loops_cross, minivault_26
D:2:      layout_loops_cross, chequers_temple_overflow_statue_of_worship,
          uniq_sigmund
D:3:      layout_rooms, uniq_ijyb
D:4:      layout_basic, first_ration, minmay_fountain_box, due_unseen_surprise,
          uniq_eustachio, uniq_duvessa, uniq_crazy_yiuf_cottage
D:5:      layout_loops_ring, minmay_temple_entry_junction, trog_hazing_becter,
          uniq_grinder, uniq_pikel
D:6:      layout_basic, hex_large
D:7:      minmay_thinvault, layout_cave_pods, uniq_prince_ribbit1

Skill      XL: |  1  2  3  4  5  6  7  8  9 |
---------------+----------------------------+-----
Fighting       | 3 4 6 7 |  7.6
Stealth        | 5 6 |  6.0
Axes           | 4 5 7 8 |  8.1
Shields        | 2 3 5 6 |  6.4
Throwing       | |  2.0
Dodging        | |  3.6

Action                   |  1- 3 |  4- 6 |  7- 9 || total
-------------------------+-------+-------+-------++-------
Melee: War axe           |    39 |    70 |   225 ||   334
       Constrict         |     9 |    18 |    56 ||    83
       Tentacles         |     6 |    17 |    47 ||    70
Throw: Throwing net      |     1 |       |     2 ||     3
  Use: Scroll            |     4 |     4 |     8 ||    16
       Potion            |       |     2 |     4 ||     6
 Stab: Sleeping          |     3 |    12 |    16 ||    31
       Held in net/web   |     3 |       |       ||     3
  Eat: Chunk             |       |     5 |    12 ||    17
       Ration            |       |       |     1 ||     1
Armor: Skin              |     3 |     9 |     3 ||    15
Dodge: Dodged            |    29 |    35 |   126 ||   190
Block: Buckler           |       |     9 |    76 ||    85
